 Dungeon Crawl Stone Soup version 0.28-b1-25-g9875b3fc8c (webtiles) character file.

Game seed: 6654391665126690104

68843 unlimited1921 the Basher (level 14, -2/140 HPs)
             Began as a Troll Fighter on Feb 1, 2022.
             Was a High Priest of Cheibriados.
             Slain by a +2 halberd of freezing (16 damage)
             ... on level 1 of the Elven Halls on Feb 2, 2022.
             The game lasted 03:01:41 (24875 turns).

unlimited1921 the Basher (Troll Fighter)           Turns: 24875, Time: 03:01:41

Health: -2/140     AC: 12    Str: 38    XL:     14   Next: 88%
Magic:  17/17      EV: 15    Int: 13    God:    Cheibriados [*****.]
Gold:   818        SH: 18    Dex: 24    Spells: 14/14 levels left

rFire   . . .      SeeInvis .   M - +3 war axe (flame)
rCold   . . .      Faith    .   c - +1 kite shield
rNeg    . . .      Spirit   .   w - +4 troll leather armour {Snorg}
rPois   .          Reflect  +   y - -2 hat of Muttered Phrases {+Blink Will+}
rElec   .          Harm     .   o - +0 cloak
rCorr   .          Rampage  .   (gloves unavailable)
Will    ++...                   (boots unavailable)
Stlth   +++.......              U - amulet of reflection
HPRegen 1.93/turn               T - +4 ring of slaying
MPRegen 0.15/turn               R - +4 ring of protection

@: invisible, very slow
A: large, unfitting armour, claws 3, regeneration 1, shaggy fur 1, tough skin 1,
deformed body, dopey 1, devolution 1
a: Renounce Religion, Evoke Blink, Bend Time, Temporal Distortion, Slouch, Step
From Time


You were on level 1 of the Elven Halls.
You worshipped Cheibriados.
Cheibriados was extremely pleased with you.
You visited 5 branches of the dungeon, and saw 20 of its levels.

You collected 1440 gold pieces.
You spent 622 gold pieces at shops.

Inventory:

Hand Weapons
 e - a +2 antimagic dire flail
 i - a +2 flail of protection
 x - a +0 hunting sling
 C - a +2 longbow of flaming
 J - a +2 rapier of venom
 M - a +3 war axe of flaming (weapon)
 N - a +2 mace of protection
 Z - a +1 glaive of flaming
Missiles
 q - 3 large rocks
 r - 21 sling bullets
 t - 118 stones
 u - 18 poisoned darts
 v - a throwing net
 z - 14 boomerangs
 D - 2 silver javelins
 L - 37 arrows
 V - 4 curare-tipped darts
 Y - 2 boomerangs of dispersal
Armour
 c - a +1 kite shield (worn)
 o - a +0 cloak (worn)
 w - a +4 troll leather armour (worn) {Snorg}
 y - the -2 hat of Muttered Phrases (worn) {+Blink Will+}
   (You found it on level 2 of the Lair of Beasts)

   +Blink:    It lets you blink.
   Will:      It increases your willpower.
 I - +0 acid dragon scales
Jewellery
 a - a ring of positive energy
 j - the amulet of the Air {Inacc Air Fly rElec RMsl}
   (You found it on level 5 of the Lair of Beasts)

   [amulet of nothing]

   It reduces the accuracy of all your attacks.
   It enhances your air magic.
   rElec:     It insulates you from electricity.
   Fly:       It grants you flight.
   RMsl:      It protects you from missiles.
 p - an amulet of regeneration
 K - a ring of see invisible
 R - a +4 ring of protection (right claw)
 T - a +4 ring of slaying (left claw)
 U - an amulet of reflection (around neck)
 W - a ring of poison resistance
Wands
 E - a wand of acid (10) (quivered)
 G - a wand of iceblast (5)
 H - a wand of polymorph (1)
Scrolls
 b - a scroll of silence
 s - 3 scrolls of immolation
 F - 2 scrolls of teleportation
 O - a scroll of fog
 S - a scroll of holy word
 X - a scroll of amnesia
Potions
 d - 2 potions of might
 f - 2 potions of magic
 g - a potion of invisibility
 h - 2 potions of flight
 k - a potion of lignification
 l - 3 potions of mutation
 m - 3 potions of ambrosia
 n - 3 potions of curing
 A - a potion of resistance
 P - a potion of cancellation
 Q - a potion of berserk rage


   Skills:
 * Level 9.5 Fighting
 - Level 0.7(1.0) Short Blades
 - Level 0.7(1.0) Long Blades
 * Level 2.1(6.8) Axes
 - Level 11.1(11.2) Maces & Flails
 - Level 0.7(1.7) Polearms
 - Level 1.0(6.5) Staves
 - Level 0.7(4.2) Slings
 - Level 0.5 Bows
 - Level 0.5 Crossbows
 - Level 8.8(8.9) Throwing
 + Level 6.3 Armour
 + Level 8.1 Dodging
 - Level 3.8 Stealth
 + Level 7.6 Shields
 - Level 1.8 Unarmed Combat
 - Level 0.6 Spellcasting
 - Level 0.6 Conjurations
 - Level 0.5 Hexes
 - Level 0.6 Summonings
 - Level 0.7 Necromancy
 - Level 0.6 Translocations
 - Level 0.6 Transmutations
 - Level 0.6 Fire Magic
 - Level 0.6 Ice Magic
 - Level 0.5 Air Magic
 - Level 0.9 Earth Magic
 - Level 0.6 Poison Magic
 + Level 5.9 Invocations
 + Level 1.7 Evocations


You had 14 spell levels left.
You didn't know any spells.
Your spell library contained the following spells:

 Spells                   Type           Power      Damage    Failure   Level
 Beastly Appendage        Tmut           4%         N/A       45%         1
 Passwall                 Tmut/Erth      1%         N/A       56%         2
 Blink                    Tloc           4%         N/A       58%         2
 Ensorcelled Hibernation  Hex/Ice        2%         N/A       58%         2
 Wereblood                Tmut           2%         N/A       58%         2
 Dazzling Flash           Conj/Hex       2%         N/A       83%         3
 Gell's Gravitas          Tloc           2%         N/A       83%         3
 Ignite Poison            Fire/Tmut/Pois 2%         N/A       83%         3
 Lesser Beckoning         Tloc           2%         N/A       83%         3
 Mephitic Cloud           Conj/Pois/Air  2%         N/A       83%         3
 Spider Form              Tmut/Pois      2%         N/A       83%         3
 Swiftness                Air            1%         N/A       83%         3
 Teleport Other           Tloc           2%         N/A       83%         3
 Animate Dead             Necr           1%         N/A       99%         4
 Iskenderun's Mystic Bla  Conj/Tloc      2%         2d3       99%         4
 Summon Lightning Spire   Summ/Air       1%         N/A       99%         4
 Agony                    Necr           2%         N/A       100%        5
 Borgnjor's Vile Clutch   Necr/Erth      1%         N/A       100%        5
 Freezing Cloud           Conj/Ice/Air   1%         6-21      100%        5
 Manifold Assault         Tloc           2%         N/A       100%        5
 Silence                  Hex/Air        0%         N/A       100%        5
 Death Channel            Necr           1%         N/A       100%        6
 Dispersal                Tloc           1%         N/A       100%        6
 Starburst                Conj/Fire      1%         6d3       100%        6
 Storm Form               Tmut/Air       0%         N/A       100%        7
 Disjunction              Tloc           1%         N/A       100%        8
 Maxwell's Capacitive Co  Air            0%         ∞         100%        8


Dungeon Overview and Level Annotations

Branches:
Dungeon (11/15)            Temple (0/1) D:7            Lair (5/6) D:10
  Swamp (1/4) Lair:2        Snake (0/4) Lair:4          Orc (2/2) D:11
    Elf (1/3) Orc:2
  Slime: Lair:5-6

Altars:
Cheibriados
Makhleb
Beogh

Shops:
D:1 (:=!*   D:4 *   D:8 !   Orc:2 [:**

Annotations:
D:4 Dowan
Lair:1 3 runed translucent doors, Ironcache's ghost, novice DrCA
Swamp:1 Donald


Innate Abilities, Weirdness & Mutations

You are too large for most types of armour.
You have claws for hands.
Your natural rate of healing is unusually fast.
You are covered in fur. (AC +1)
You have tough skin. (AC +1)
Armour fits poorly on your strangely shaped body.
You are dopey. (Int -2)
You have hidden genetic defects.


Message History

You block the +2 halberd of freezing's attack.
You hit the +2 halberd of freezing.
The +2 halberd of freezing is moderately damaged.
The +2 halberd of freezing hits you!! The +2 halberd of freezing freezes you.
The +2 halberd of freezing hits you from afar!!
The +2 halberd of freezing freezes you.
You block the +2 halberd of freezing's attack.
The +2 halberd of freezing completely misses you.
The +2 halberd of freezing hits you from afar!!
* * * LOW HITPOINT WARNING * * *
The +2 halberd of freezing freezes you!
* * * LOW HITPOINT WARNING * * *
Unknown command.
Press: ? - help, v - describe, . - travel
Here: a +2 halberd of freezing (moderately damaged)
The floor, spattered with blood.
Unknown command.
You feel much better.
You block the +2 halberd of freezing's attack. x2
You fade into invisibility!
The +2 halberd of freezing hits you from afar.
* * * LOW HITPOINT WARNING * * *
The +2 halberd of freezing freezes you.
* * * LOW HITPOINT WARNING * * *
The +2 halberd of freezing closely misses you.
You block the +2 halberd of freezing's attack.
The +2 halberd of freezing hits you. The +2 halberd of freezing freezes you.
The +2 halberd of freezing barely misses you.
Unknown command.
Press: ? - help, v - describe, . - travel
Here: a +2 halberd of freezing (lightly damaged)
The floor.
Aiming: Corrosive Bolt
Press: ? - help, Q - select action, (/) - cycle Shift-Dir - straight line, f - +2 halberd of freezing
Aim: a +2 halberd of freezing (lightly damaged, 43% to hit)
The bolt of acid misses the +2 halberd of freezing.
The +2 halberd of freezing hits you!!
* * * LOW HITPOINT WARNING * * *
The +2 halberd of freezing freezes you!
You die...

#.# #.....# #.#
#.....## #.##......####
#...........### #
#.............. ..#
##...........#
....#.........#
........(#...##
...........@.#...#
..........(####...#
...........# ###.#
...........# #.#
...........# #.#
........).# #.#
#.....########.#
#............).#
######+#.##.######.####


You could see a +2 halberd of freezing.

Vanquished Creatures
  The ghost of burt the Thaumaturge, a journeyman DrCj of Vehumet (Orc:2)
  Nessos (Lair:4)
  The ghost of Kaofid the Geomancer, a journeyman GrEE of Vehumet (Lair:5)
  Snorg (D:9)
  5 hydras
  A boulder beetle (Lair:4)
  3 two-headed ogres
  2 tengu warriors (D:11)
  5 orc high priests (Orc:2)
  Sonja (D:11)
  A deep elf knight (Elf:1)
  A bog body (Lair:2)
  A deep elf archer (Elf:1)
  3 deep elf pyromancers (Elf:1)
  6 orc knights (Orc:2)
  A cyclops (D:11)
  3 deep elf zephyrmancers (Elf:1)
  10 elephants
  7 black mambas
  5 cane toads
  An unseen horror (D:11)
  A gargoyle (D:11)
  Maggie (D:7)
  A kobold demonologist (D:9)
  2 rime drakes
  9 komodo dragons
  2 trolls
  7 blink frogs
  Sigmund (D:5)
  5 wyverns
  2 shadows (D:11)
  A vampire (D:11)
  5 wraiths
  2 basilisks
  55 yaks
  Eustachio (D:4)
  4 wargs
  3 nagas (Lair:4)
  2 acid dragons (D:11)
  4 swamp worms (Lair:2)
  12 water moccasins
  Duvessa (D:4)
  33 orc warriors
  A sky beast (D:8)
  2 hornet zombies
  3 ice beasts
  5 wolves (Lair:5)
  6 ogres
  A phantom (D:4)
  3 centaurs
  4 kobold brigands
  A gnoll sergeant (D:4)
  6 bullfrogs
  A spectral warg (Orc:2)
  4 scorpions
  A wyvern skeleton (D:6)
  A spectral ogre (Orc:2)
  3 wights (D:7)
  2 howler monkeys
  6 electric eels
  3 lava snakes (Lair:4)
  3 centaur zombies
  34 orc priests
  A bullfrog zombie (D:5)
  2 bullfrog skeletons (D:6)
  2 hounds
  7 jellies
  2 iguanas
  A scorpion zombie (D:5)
  Natasha (thrice) (D:3)
  17 orc wizards
  3 spectral orcs (Orc:2)
  A hound skeleton (D:5)
  A howler monkey zombie (D:5)
  4 gnolls
  4 adders
  An ogre simulacrum (Orc:2)
  A shadow imp (D:3)
  A white imp (D:5)
  An orc simulacrum (Orc:2)
  2 worms
  4 dart slugs
  53 orcs
  8 endoplasms
  7 giant cockroaches
  6 hobgoblins
  19 kobolds
  2 quokkas
  4 ball pythons
  4 bats
  6 frilled lizards
  8 goblins
  7 rats
  A fire vortex (Lair:3)
487 creatures vanquished.

Vanquished Creatures (others)
  An orc wizard (D:7)
  29 fungi
  87 plants
117 creatures vanquished.

Grand Total: 604 creatures vanquished

Notes
Turn   | Place    | Note
-------+----------+-------------------------------------------
     0 | D:1      | unlimited1921 the Troll Fighter began the quest for the
                  | Orb.
     0 | D:1      | Reached XP level 1. HP: 22/22 MP: 0/0
    74 | D:1      | Found Goyt Yhe's Distillery.
   119 | D:1      | Found Fudij's Jewellery Emporium.
   150 | D:1      | Found Powkewaaz's Book Emporium.
   262 | D:1      | Reached XP level 2. HP: 29/29 MP: 1/1
   341 | D:1      | Reached skill level 2 in Maces & Flails
   389 | D:1      | Found Ukum's General Store.
   647 | D:1      | Found Myvodyfi's Weapon Shoppe.
   663 | D:1      | Reached XP level 3. HP: 36/36 MP: 2/2
  1629 | D:3      | Noticed Natasha
  1722 | D:3      | Killed Natasha
  1723 | D:3      | Reached XP level 4. HP: 42/44 MP: 3/3
  1786 | D:3      | Noticed Natasha
  1793 | D:3      | Killed Natasha
  1794 | D:3      | Reached skill level 3 in Maces & Flails
  2051 | D:3      | Noticed Natasha
  2106 | D:4      | Noticed an ogre
  2274 | D:3      | Reached XP level 5. HP: 48/50 MP: 4/4
  2319 | D:3      | Killed Natasha
  3199 | D:4      | Killed an ogre
  3216 | D:4      | Noticed a phantom
  3233 | D:4      | Killed a phantom
  3234 | D:4      | Reached skill level 4 in Maces & Flails
  3234 | D:4      | Reached XP level 6. HP: 58/61 MP: 5/5
  3411 | D:4      | Noticed Duvessa
  3415 | D:4      | Noticed Dowan
  3435 | D:4      | Killed Duvessa
  3436 | D:4      | Reached XP level 7. HP: 54/67 MP: 6/6
  3638 | D:4      | Found Lihin's General Store.
  3641 | D:4      | Bought a scroll of identify for 22 gold pieces
  3812 | D:4      | Noticed Eustachio
  3876 | D:4      | Killed Eustachio
  3877 | D:4      | Reached skill level 5 in Maces & Flails
  4313 | D:5      | Entered Level 5 of the Dungeon
  4333 | D:5      | Reached skill level 1 in Throwing
  4523 | D:5      | Reached XP level 8. HP: 62/78 MP: 7/7
  4706 | D:5      | Noticed Sigmund
  4721 | D:5      | Killed Sigmund
  4722 | D:5      | Reached skill level 6 in Maces & Flails
  5125 | D:5      | Reached skill level 1 in Stealth
  5467 | D:6      | Reached XP level 9. HP: 60/84 MP: 8/8
  5690 | D:6      | Reached skill level 5 in Dodging
  5768 | D:6      | Found a snail-covered altar of Cheibriados.
  5779 | D:6      | Became a worshipper of Cheibriados the Contemplative
  6303 | D:7      | Reached skill level 7 in Maces & Flails
  6482 | D:7      | Noticed Maggie
  6500 | D:7      | Killed Maggie
  6594 | D:7      | Found a staircase to the Ecumenical Temple.
  6648 | D:7      | Reached * piety under Cheibriados
  6650 | D:7      | Reached skill level 5 in Throwing
  7294 | D:8      | Found Qoywkill's Distillery.
  7297 | D:8      | Bought a potion of heal wounds for 65 gold pieces
  7297 | D:8      | Bought a potion of heal wounds for 65 gold pieces
  7297 | D:8      | Bought a potion of curing for 39 gold pieces
  7297 | D:8      | Bought a potion of curing for 39 gold pieces
  7297 | D:8      | Bought a potion of curing for 39 gold pieces
  7418 | D:8      | Reached skill level 8 in Maces & Flails
  7418 | D:8      | Reached XP level 10. HP: 90/94 MP: 9/9
  7426 | D:8      | Reached skill level 5 in Shields
  7479 | D:8      | Identified the +1 spear "Nofaho Idgha" {pain, Dex+4 Stlth+}
  7615 | D:8      | Reached skill level 5 in Fighting
  7681 | D:8      | Reached ** piety under Cheibriados
  8322 | D:9      | Noticed a sixfirhy
  9082 | D:9      | Noticed an orange demon
  9510 | D:10     | Entered Level 10 of the Dungeon
  9604 | D:10     | Noticed Snorg
  9609 | D:10     | Reached skill level 1 in Armour
  9616 | D:10     | Noticed a two-headed ogre
  9656 | D:9      | Killed Snorg
  9947 | D:10     | Found a staircase to the Lair.
  9962 | D:10     | Killed a two-headed ogre
  9979 | D:10     | Reached skill level 1 in Evocations
  9993 | D:10     | Reached *** piety under Cheibriados
 10000 | D:10     | Reached XP level 11. HP: 98/105 MP: 10/10
 10381 | D:10     | Reached skill level 9 in Maces & Flails
 10452 | D:10     | Identified the +3 ring mail "Meviuled" {Will++ Int+4 Dex-2}
 10479 | D:10     | Noticed a two-headed ogre
 10487 | D:10     | Killed a two-headed ogre
 10817 | Lair:1   | Entered Level 1 of the Lair of Beasts
 10939 | Lair:1   | Noticed a seven-headed hydra
 10948 | Lair:1   | Killed a seven-headed hydra
 10987 | Lair:1   | Found a runed translucent gate.
 10988 | Lair:1   | Found a runed translucent gate.
 10988 | Lair:1   | Found a runed translucent gate.
 10988 | Lair:1   | Noticed a nine-headed hydra
 10988 | Lair:1   | Noticed Ironcache's ghost (novice DrCA)
 11056 | Lair:1   | Noticed an eight-headed hydra
 11063 | Lair:1   | Killed an eight-headed hydra
 11142 | Lair:1   | Reached **** piety under Cheibriados
 12239 | Lair:2   | Reached XP level 12. HP: 118/118 MP: 11/11
 12320 | Lair:2   | Reached skill level 10 in Maces & Flails
 12337 | Lair:2   | Found a staircase to the Swamp.
 12416 | Swamp:1  | Entered Level 1 of the Swamp
 12416 | Swamp:1  | Noticed Donald
 12416 | Swamp:1  | Noticed a shambling mangrove
 12491 | Lair:2   | Identified the -2 hat of Muttered Phrases {+Blink Will+}
 13341 | Lair:3   | Reached ***** piety under Cheibriados
 13560 | Lair:4   | Noticed a boulder beetle
 13567 | Lair:4   | Reached XP level 13. HP: 124/124 MP: 12/12
 13568 | Lair:4   | Reached skill level 1 in Staves
 13568 | Lair:4   | Reached skill level 1 in Unarmed Combat
 13568 | Lair:4   | Reached skill level 1 in Invocations
 13671 | Lair:4   | Reached skill level 5 in Armour
 13812 | Lair:4   | Found a staircase to the Snake Pit.
 13983 | Lair:4   | Noticed Nessos
 14016 | Lair:4   | Killed Nessos
 15053 | Lair:5   | Reached ****** piety under Cheibriados
 15063 | Lair:5   | Reached XP level 14. HP: 119/137 MP: 15/15
 15806 | Lair:5   | Found a runed translucent door.
 15806 | Lair:5   | Noticed Kaofid's ghost (journeyman GrEE)
 15806 | Lair:5   | Found the amulet of the Air {Inacc Air Fly rElec RMsl}
 15980 | Lair:5   | Killed Kaofid's ghost
 17363 | D:11     | Noticed Sonja
 17372 | D:11     | Killed Sonja
 17452 | D:11     | Found a staircase to the Orcish Mines.
 17666 | D:11     | Reached skill level 5 in Invocations
 17887 | Orc:1    | Entered Level 1 of the Orcish Mines
 18130 | Orc:2    | Entered Level 2 of the Orcish Mines
 18243 | Orc:2    | Found a burning altar of Makhleb.
 18301 | Orc:2    | Found a staircase to the Elven Halls.
 18323 | Orc:2    | Reached skill level 11 in Maces & Flails
 18465 | Orc:2    | Found a runed translucent gate.
 18465 | Orc:2    | Found a runed translucent gate.
 18465 | Orc:2    | Found a runed translucent gate.
 18466 | Orc:2    | Noticed burt's ghost (journeyman DrCj)
 19256 | Orc:2    | Gained mutation: Your magical capacity is low. (-10% MP) [a
                  | neqoxec]
 19831 | Orc:2    | Killed burt's ghost
 19832 | Orc:2    | Reached skill level 1 in Axes
 20014 | Orc:2    | Found Uwnyamua's Assorted Antiques.
 20014 | Orc:2    | Found Kuakhit's Assorted Antiques.
 20015 | Orc:2    | Found Rucigubu's Book Boutique.
 20015 | Orc:2    | Found Uciduutots's Armour Shop.
 20027 | Orc:2    | Bought a scroll of identify for 60 gold pieces
 20030 | Orc:2    | Lost mutation: Your magical capacity is low. (-10% MP)
                  | [potion of mutation]
 20030 | Orc:2    | Gained mutation: Armour fits poorly on your strangely
                  | shaped body. [potion of mutation]
 20030 | Orc:2    | Gained mutation: You have hidden genetic defects. [potion
                  | of mutation]
 20030 | Orc:2    | Gained mutation: You are dopey. (Int -2) [potion of
                  | mutation]
 20039 | Orc:2    | Bought a wand of mindburst (6) for 132 gold pieces
 20039 | Orc:2    | Bought a coppery potion for 29 gold pieces
 20039 | Orc:2    | Bought a copper wand for 132 gold pieces
 24664 | Elf:1    | Entered Level 1 of the Elven Halls
 24835 | Elf:1    | Identified the +3 robe "Vegega" {Regen+ Int+6}
 24875 | Elf:1    | Slain by a +2 halberd of freezing

Illustrated notes

Levels and vault maps discovered:
D:1:      dpeg_arrival_solitude, layout_loops_ring, serial_shops, shop,
          nicolae_shop_advertising_works [nicolae_subvault_shop_adworks],
          nicolae_square_shop, shop_statue, shop,
          chequers_serial_rivers_small_b, minmay_worlds_worst_comb
D:2:      minmay_door_path, layout_basic
D:3:      layout_basic, uniq_natasha
D:4:      layout_loops_cross, serial_shops, nicolae_shop_behind_doors,
          kennysheep_cross_bottleneck, minivault_14, minmay_misc_feat_rows,
          palyth_stone_intersect, uniq_eustachio, uniq_duvessa
D:5:      layout_rooms, dk_noncrumbling_3, hangedman_decor_lopped, uniq_sigmund
D:6:      layout_gridville, chei_slow_surprise, amcnicky_mini_pool_small
D:7:      layout_basic, minmay_temple_entry_glass, minivault_11,
          hangedman_decor_opposing, uniq_maggie
D:8:      layout_layer_cave, serial_shops, kennysheep_mini_moat
D:9:      layout_layer_cave, minmay_misc_feat_square, minivault_21
D:10:     minmay_skewed_foursquare, layout_loops_ring, minmay_lair_entry_grove,
          minmay_starry_boxes, uniq_snorg
D:11:     minmay_inner_zag, layout_cave_pools, minmay_orc_entry_temple_small,
          uniq_sonja
Lair:1:   layout_big_grid, gammafunk_ghost_hydra_chop
Lair:2:   layout_cave_pods, nicolae_swamp_entry_splash_gauntlet, minivault_19,
          grunt_megastairs_2
Lair:3:   layout_gridlike
Lair:4:   layout_roguey, minmay_snake_entry_guardpost_small,
          nicolae_lair_liquid_snakes, uniq_nessos
Lair:5:   layout_cave_pods, ebering_ghost_reflecting_pool,
          serial_bayou_lagoon_b, serial_bayou_shore_a
Swamp:1:  layout_basic_swamp, evilmike_swamp_ruin_house_5,
          infiniplex_staircase_pool, uniq_donald
Orc:1:    minmay_goldmine, layout_diamond_mine
Orc:2:    st_orc_pillars, layout_caves, basic_altar, gammafunk_ghost_necromancy,
          nicolae_orc_crystal_geode
Elf:1:    elf_arrival_001, layout_loops_ring, hangedman_corner_corridor

Skill      XL: |  1  2  3  4  5  6  7  8  9 10 11 12 13 14 |
---------------+-------------------------------------------+-----
Maces & Flails | 2 3 4 5 6 8 9 10 11 | 11.1
Dodging        | 3 4 5 6 7 8 |  8.1
Shields        | 3 4 5 6 7 |  7.6
Fighting       | 3 4 5 7 8 9 |  9.5
Throwing       | 1 3 5 6 7 8 |  8.8
Stealth        | 1 2 3 |  3.8
Armour         | 2 4 5 6 |  6.3
Evocations     | 1 |  1.7
Staves         | 1 |  1.0
Unarmed Combat | 1 |  1.8
Invocations    | 3 5 |  5.9
Axes           | 2 |  2.1
Short Blades   | |  0.7
Long Blades    | |  0.7
Polearms       | |  0.7
Slings         | |  0.7
Bows           | |  0.5
Crossbows      | |  0.5
Spellcasting   | |  0.6
Conjurations   | |  0.6
Hexes          | |  0.5
Summonings     | |  0.6
Necromancy     | |  0.7
Translocations | |  0.6
Transmutations | |  0.6
Fire Magic     | |  0.6
Ice Magic      | |  0.6
Air Magic      | |  0.5
Earth Magic    | |  0.9
Poison Magic   | |  0.6

Action                   |  1- 3 |  4- 6 |  7- 9 | 10-12 | 13-15 || total
-------------------------+-------+-------+-------+-------+-------++-------
Melee: Flail             |   140 |   118 |   387 |   399 |   811 ||  1855
       Unarmed           |    12 |     2 |       |       |       ||    14
       War axe           |       |       |       |       |    35 ||    35
 Fire: Hunting sling     |       |       |       |       |    14 ||    14
Throw: Boomerang         |       |    10 |   121 |   159 |   102 ||   392
       Dart              |       |       |     3 |       |    22 ||    25
       Large rock        |       |       |       |       |     6 ||     6
       Stone             |       |       |       |       |     1 ||     1
Invok: Slouch            |       |       |       |       |     8 ||     8
       Temporal Distorti |       |       |       |       |     1 ||     1
Evoke: Wand              |       |       |     1 |     6 |    16 ||    23
  Use: Scroll            |       |     4 |     7 |    12 |    19 ||    42
       Potion            |       |       |     2 |     6 |    12 ||    20
 Stab: Sleeping          |     2 |       |     1 |     2 |     7 ||    12
       Paralysed         |       |       |       |     2 |       ||     2
       Distracted        |       |       |       |     1 |     2 ||     3
Armor: Robe              |    55 |    30 |    93 |       |       ||   178
       Skin              |       |     2 |       |       |       ||     2
       Steam dragon scal |       |       |    28 |    37 |       ||    65
       Troll leather arm |       |       |       |    76 |   294 ||   370
Dodge: Dodged            |    59 |    53 |   183 |   187 |   517 ||   999
Block: Kite shield       |    51 |    45 |   187 |   187 |   720 ||  1190
       Reflection        |       |       |       |       |     6 ||     6
